 Dungeon Crawl Stone Soup version 0.20-a0-9-g62d82d9 (webtiles) character file.

13 Driskull the Grasshopper (level 2, -1/24 (25) HPs)
             Began as a Ghoul Warper on Nov 2, 2016.
             Slain by a goblin
             ... wielding a +0 club
              (3 damage)
             ... on level 1 of the Dungeon.
             The game lasted 00:03:01 (362 turns).

Driskull the Grasshopper (Ghoul Warper)              Turns: 362, Time: 00:03:02

HP:   -1/24 (25)    AC:  3    Str: 14    XL:     2   Next: 37%
MP:   3/3           EV: 11    Int:  8    God:
Gold: 20            SH:  0    Dex:  8    Spells: 0 memorised, 4 levels left

rFire  . . .     SeeInvis .       - Unarmed
rCold  + . .     Gourm    .     a - +0 leather armour
rNeg   + + +     Faith    .     (no shield)
rPois  ∞         Spirit   .     (no helmet)
rElec  .         Reflect  .     (no cloak)
rCorr  .         Harm     .     (no gloves)
MR     .....                    (no boots)
Stlth  +.........               (no amulet)
                                (no ring)
                                e - ring of poison resistance

@: rotting
A: rotting body, claws 1, carnivore 3, cold resistance 1, negative energy
resistance 3, slow regeneration 1, torment resistance, unbreathing
a: no special abilities


You were on level 1 of the Dungeon.
You were not hungry.

You visited 1 branch of the dungeon, and saw 1 of its levels.

You collected 20 gold pieces.

Inventory:

Missiles
 d - 5 tomahawks of dispersal (quivered)
Armour
 a - a +0 leather armour (worn)
Jewellery
 e - a ring of poison resistance (left claw)
 g - a cursed +3 ring of evasion {unknown}
Scrolls
 c - a scroll of blinking
 f - a scroll of amnesia {unknown}
 j - a scroll of immolation {unknown}
Books
 b - a book of Spatial Translocations

   Spells                             Type                      Level
   a - Blink                          Translocation                2
   b - Shroud of Golubria             Charms/Translocation         2
   c - Lesser Beckoning               Translocation                3
   d - Portal Projectile              Translocation                3
   e - Teleport Other                 Translocation                3
   f - Passage of Golubria            Translocation                4
Comestibles
 i - a beef jerky


   Skills:
 + Level 2.3 Fighting
 + Level 1.1 Throwing
 + Level 0.8 Armour
 + Level 2.0 Dodging
 + Level 2.5 Unarmed Combat
 + Level 1.9 Spellcasting
   Level 2.6 Translocations


You had 4 spell levels left.
You didn't know any spells.

Dungeon Overview and Level Annotations

Branches:
Dungeon (1/15)

Altars:


Innate Abilities, Weirdness & Mutations

Your body is rotting away.
You thrive on raw meat.
You are immune to poison.
You have sharp fingernails.
You are carnivorous and can eat meat at any time.
Your flesh is cold resistant. (rC+)
You are immune to negative energy. (rN+++)
You regenerate slowly when monsters are visible.
You are immune to unholy pain and torment.
You can survive without breathing.


Message History

* * * LOW HITPOINT WARNING * * *
You continue eating.
The goblin hits you but does no damage.
You finish eating.
That meat ration really hit the spot!
The hobgoblin closely misses you.
You see here a scroll labeled ZICZIDDASIA.
You closely miss the hobgoblin. The hobgoblin closely misses you.
You closely miss the hobgoblin. The goblin misses you.
The hobgoblin closely misses you.
You scratch the hobgoblin.
The hobgoblin is severely wounded.
The goblin hits you with a club.
* * * LOW HITPOINT WARNING * * *
The hobgoblin hits you with a club.
* * * LOW HITPOINT WARNING * * *
The hobgoblin closely misses you.
You feel your flesh rotting away.
You open the door. The goblin hits you with a club.
You die...

..... #..................
....P♣♣♣#...............# #
...PP≈P.#.........>....# #
#..≈≈≈.#..............####
##.#...)....#..........#...
........?......8.....8.#...
##.#.....#g##..........#...
...........g........)......
.........#@##.##...##..#...
..(.#####...#)##...##..#...
.... #...#.##...###'####
... #...#.##...##...### ##
...#...#...##...#..
....#...######...#..
...##...# ##..... ...#
##+## ####..... #.......#


You could see a hobgoblin and a goblin.

Vanquished Creatures
  A leopard gecko (D:1)
  A giant cockroach (D:1)
  4 goblins (D:1)
  A hobgoblin (D:1)
  A kobold (D:1)
  A frilled lizard (D:1)
  A rat (D:1)
10 creatures vanquished.

Notes
Turn   | Place    | Note
-------+----------+-------------------------------------------
     0 | D:1      | Driskull the Ghoul Warper began the quest for the Orb.
     0 | D:1      | Reached XP level 1. HP: 17/17 MP: 2/2
    18 | D:1      | Reached skill level 1 in Throwing
   231 | D:1      | Reached XP level 2. HP: 25/25 MP: 3/3
   362 | D:1      | Slain by a goblin

Vault maps used:
D:1:      minmay_arrival_up_and_down, st_stairs_1, serial_bayou_pond_e

Skill      XL: |  1  2 |
---------------+-------+-----
Throwing       | 1 |  1.1
Dodging        | 2 |  2.0
Fighting       | |  2.3
Armour         | |  0.8
Unarmed Combat | |  2.5
Spellcasting   | |  1.9
Translocations | |  2.6

Action                   || total
-------------------------++-------
Melee: Unarmed           ||    36
  Eat: Meat ration       ||     2
       Chunk             ||     1
Armor: Leather armour    ||     7
Dodge: Dodged            ||    33
